 Dungeon Crawl Stone Soup version 0.29-a0-1009-g60c99734e7 (webtiles) character file.

Game seed: 11126913946272747843

18482 flotson the Fighter (level 12, 0/142 HPs)
             Began as a Demonspawn Delver on Aug 8, 2022.
             Was an Initiate of Gozag.
             Slain by a wolf (5 damage)
             ... in an ice cave.
             The game lasted 00:29:14 (11155 turns).

flotson the Fighter (Demonspawn Delver)            Turns: 11155, Time: 00:29:16

Health: 0/142      AC: 16    Str: 16    XL:     12   Next: 28%
Magic:  12/12      EV: 15    Int: 11    God:    Gozag
Gold:   1525       SH:  4    Dex: 17    Spells: 11/11 levels left

rFire   x . .      SeeInvis +   a - +0 war axe (vamp)
rCold   + . .      Faith    .   (no shield)
rNeg    . . .      Spirit   .   t - +0 ring mail
rPois   .          Reflect  .   (helmet restricted)
rElec   .          Harm     .   R - scarf {shadows}
rCorr   .          Rampage  .   J - +0 pair of gloves
Will    .....                   B - +0 pair of boots
Stlth   ..........              K - amulet of regeneration
HPRegen 1.13/turn               w - ring of see invisible
MPRegen 0.13/turn               Q - ring of ice

@: mighty, berserking (expiring), silenced, gold aura, hasted, very quick
A: antennae 1, yellow scales 2, icemail 1, powered by death 1, condensation
shield
a: Renounce Religion


You were in an ice cave.
You worshipped Gozag.
Gozag was most pleased with you.
You visited 3 branches of the dungeon, and saw 12 of its levels.
You also visited: Ice Cave.

You collected 1911 gold pieces.
You spent 265 gold pieces at shops.
You paid 121 gold pieces to Gozag.

Inventory:

Hand Weapons
 a - a +0 vampiric war axe (weapon)
 b - a +0 broad axe
 c - the +11 dagger "Xeimiv" {venom, +Blink rC++}
   (You found it on level 10 of the Dungeon)

   It poisons the flesh of those it strikes.
   rC:        It greatly protects you from cold.
   +Blink:    It lets you blink.
Missiles
 i - 26 poisoned darts (quivered)
 u - a javelin
 C - a curare-tipped dart
 E - 11 boomerangs
Armour
 t - a +0 ring mail (worn)
 x - a scarf of invisibility
 B - a +0 pair of boots (worn)
 F - a +0 cloak
 J - a +0 pair of gloves (worn)
 R - a scarf of shadows (worn)
Jewellery
 r - an amulet of the acrobat
 w - a ring of see invisible (left hand)
 y - a +6 ring of intelligence
 K - an amulet of regeneration (around neck)
 L - a ring of positive energy
 Q - a ring of ice (right hand)
Wands
 g - a wand of digging (3)
 h - a wand of polymorph (3)
 q - a wand of roots (4)
 V - a wand of flame (1)
Scrolls
 d - 3 scrolls of magic mapping
 f - 2 scrolls of enchant weapon
 l - a scroll of silence
 n - 2 scrolls of brand weapon {unknown}
 p - 4 scrolls of teleportation
 v - 2 scrolls of immolation {unknown}
 z - a scroll of torment {unknown}
 H - a scroll of butterflies {unknown}
 I - 5 scrolls of poison
 N - a scroll of amnesia {unknown}
 P - 3 scrolls of enchant armour
 S - a scroll of blinking {unknown}
 U - a scroll of noise {unknown}
 W - a scroll of acquirement {unknown}
 X - a scroll of fog
Potions
 e - a potion of haste
 j - 2 potions of flight
 m - 4 potions of curing
 o - 4 potions of heal wounds
 A - 3 potions of attraction
 D - 2 potions of mutation
 G - a potion of berserk rage
 M - a potion of cancellation
 O - 2 potions of lignification
 Y - a potion of invisibility


   Skills:
 + Level 9.1 Fighting
 + Level 6.7(6.8) Axes
 - Level 1.7(4.6) Polearms
 + Level 7.8 Throwing
 + Level 7.8 Armour
 + Level 8.2 Dodging
 - Level 4.5 Stealth
 + Level 8.6 Evocations


You had 11 spell levels left.
You didn't know any spells.
Your spell library contained the following spells:

 Spells                   Type           Power      Damage    Failure   Level
 Blink                    Tloc           0%         N/A       67%         2
 Gell's Gravitas          Tloc           0%         N/A       88%         3
 Ignite Poison            Fire/Tmut/Pois 0%         N/A       88%         3
 Lesser Beckoning         Tloc           0%         N/A       88%         3
 Mephitic Cloud           Conj/Pois/Air  0%         N/A       88%         3
 Teleport Other           Tloc           0%         N/A       88%         3
 Cause Fear               Hex            0%         N/A       99%         4
 Freezing Cloud           Conj/Ice/Air   0%         6-21      100%        5
 Manifold Assault         Tloc           0%         N/A       100%        5
 Dragon Form              Tmut           0%         N/A       100%        7
 Storm Form               Tmut/Air       0%         N/A       100%        7
 Dragon's Call            Summ           0%         N/A       100%        9


Dungeon Overview and Level Annotations

Branches:
Dungeon (10/15)            Temple (1/1) D:7            Lair (1/5) D:9
    Orc (0/2) D:9           IceCv (1/1)

Altars:
Ashenzari
Cheibriados
Dithmenos
Fedhas
Gozag
Hepliaklqana
Kikubaaqudgha
Makhleb
Nemelex Xobeh
Okawaru
Qazlal
Ru
Sif Muna
Trog
Uskayaw
Wu Jian
Xom
Yredelemnul

Shops:
D:8 !   D:9 ?

Portals:
Abyss: D:4

Annotations:
D:4 2 transporters, Manisian's ghost, amateur SpEn
D:5 1 runed translucent door, BleedingAnus's ghost, novice HOMo
Lair:1 Nergalle


Innate Abilities, Weirdness & Mutations

You have a pair of small antennae on your head.
You are mostly covered in yellow scales. (AC +3)
A meltable icy envelope protects you from harm. (AC +4)
You regenerate a little health from kills.
A meltable shield of frost defends you. (SH +4)


Message History

* * * LOW HITPOINT WARNING * * *
The wolf misses you.
You slash the wolf!
The wolf is heavily wounded.
You hit the frost giant.
You feel better. You block the wolf's attack.
You hit the wolf.
The wolf is severely wounded.
You hit the frost giant.
You feel better.
The frost giant hits you but does no damage.
The wolf closely misses you.
You slice the wolf!!
You feel better.
You kill the wolf!
You hit the frost giant but do no damage.
The frost giant misses you.
You hit the frost giant.
The frost giant is moderately wounded.
The frost giant hits you with a +1 battleaxe of freezing!!
* * * LOW HITPOINT WARNING * * *
The frost giant freezes you.
* * * LOW HITPOINT WARNING * * *
You are too berserk!
You slash the frost giant!
The frost giant is heavily wounded.
You hit the frost giant.
You feel better.
The frost giant is heavily wounded.
The frost giant barely misses you.
You barely miss the wolf.
Your attack snaps the wolf out of its fear.
The wolf is lightly wounded.
You slash the frost giant! The wolf completely misses you.
The frost giant hits you but does no damage.
You hit the wolf.
You feel better.
The wolf is moderately wounded.
You hit the frost giant but do no damage.
The wolf bites you but does no damage.
The frost giant hits you with a +1 battleaxe of freezing!!
* * * LOW HITPOINT WARNING * * *
The wolf bites you.
You die...
Your body crumbles into a pile of gold.

##....#...######
#...####........
..######........
### ##........####
##........##[)###
#........##..)..##
##.......#}[..$..#
###.....##..C$..#..
##.....###@h.....
###............#
##.........##.#
############≈≈
#≈≈≈## #≈≈≈≈# #≈≈≈#
## #≈≈## .# ##..#


You could see a frost giant and a wolf.

Vanquished Creatures
  A hydra (D:8)
  A centaur warrior (D:8)
  A two-headed ogre (D:10)
  11 death yaks (IceCv)
  An ice statue (IceCv)
  2 rime drakes (IceCv)
  A kobold demonologist (D:10)
  A troll (D:10)
  Grinder (D:3)
  4 polar bears (IceCv)
  Sigmund (D:2)
  2 wyverns
  A shadow (D:9)
  15 yaks
  3 fire bats (Lair:1)
  2 steam dragons
  3 ice beasts
  A sky beast (D:8)
  An orc warrior (D:7)
  2 black bears
  An ogre (D:6)
  9 wolves (IceCv)
  4 phantoms
  2 centaurs (D:9)
  3 kobold brigands
  4 bullfrogs
  A scorpion (D:5)
  3 troll zombies (D:9)
  12 wights
  8 killer bees
  3 electric eels (D:10)
  3 howler monkeys
  2 orc priests
  A gnoll bouda (D:7)
  7 hounds
  Crazy Yiuf (D:4)
  A jelly (D:5)
  Ijyb (D:3)
  2 iguanas (D:7)
  7 orc wizards
  5 ogre zombies (D:9)
  6 gnolls
  2 adders
  2 shadow imps
  2 white imps
  A worm (D:3)
  4 dart slugs
  27 orcs
  7 ball pythons
  6 endoplasms
  4 giant cockroaches
  6 goblins
  7 hobgoblins
  5 quokkas
  7 bats
  3 frilled lizards
  A goblin skeleton (D:9)
  2 goblin zombies (D:9)
  A hobgoblin skeleton (D:9)
  A hobgoblin zombie (D:9)
  18 kobolds
  2 orc skeletons (D:9)
  18 orc zombies (D:9)
  2 rats
269 creatures vanquished.

Vanquished Creatures (others)
  2 plants (D:10)
2 creatures vanquished.

Grand Total: 271 creatures vanquished

Notes
Turn   | Place    | Note
-------+----------+-------------------------------------------
     0 | D:5      | flotson the Demonspawn Delver began the quest for the Orb.
     0 | D:5      | Reached XP level 1. HP: 18/18 MP: 1/1
    42 | D:5      | Noticed a scorpion
    72 | D:4      | Found a burning altar of Makhleb.
    73 | D:4      | Noticed a gnoll bouda
    94 | D:4      | Gained mutation: You are partially covered in yellow
                  | scales. (AC +2) [demonic ancestry]
    94 | D:4      | Reached XP level 2. HP: 14/24 MP: 2/2
   103 | D:3      | Found a faded altar of an unknown god.
   276 | D:4      | Found a one-way gate to the infinite horrors of the Abyss.
   276 | D:4      | Noticed Manisian's ghost (amateur SpEn)
   495 | D:2      | Noticed Sigmund
   800 | D:3      | Noticed Ijyb
   836 | D:2      | Killed Sigmund
   837 | D:2      | Reached skill level 1 in Throwing
   837 | D:2      | Reached skill level 1 in Armour
   837 | D:2      | Gained mutation: A meltable shield of frost defends you.
                  | (SH +4) [demonic ancestry]
   837 | D:2      | Reached XP level 3. HP: 16/30 MP: 3/3
   837 | D:2      | Reached XP level 4. HP: 19/37 MP: 4/4
   837 | D:2      | Gained mutation: You have a pair of small antennae on your
                  | head. [demonic ancestry]
   837 | D:2      | Reached XP level 5. HP: 22/42 MP: 5/5
  1994 | D:3      | Noticed Grinder
  1994 | D:3      | Paralysed by Grinder for 3 turns
  2023 | D:3      | Killed Grinder
  2024 | D:3      | Reached skill level 4 in Fighting
  2024 | D:3      | Gained mutation: You are mostly covered in yellow scales.
                  | (AC +3) [demonic ancestry]
  2024 | D:3      | Reached XP level 6. HP: 18/48 MP: 6/6
  2267 | D:3      | Killed Ijyb
  2789 | D:4      | Found a runed translucent door.
  2790 | D:4      | Noticed Crazy Yiuf
  2815 | D:4      | Found a transporter.
  2842 | D:4      | Found a transporter.
  3048 | D:4      | Killed Crazy Yiuf
  3112 | D:5      | Gained mutation: You regenerate a little health from kills.
                  | [demonic ancestry]
  3112 | D:5      | Reached XP level 7. HP: 55/55 MP: 7/7
  3874 | D:5      | Found a bloodstained altar of Trog.
  3946 | D:5      | Reached skill level 5 in Fighting
  3955 | D:5      | Reached XP level 8. HP: 50/62 MP: 8/8
  4023 | D:5      | Found a runed translucent door.
  4024 | D:5      | Noticed BleedingAnus's ghost (novice HOMo)
  4453 | D:6      | Found a broken altar of Ashenzari.
  4878 | D:6      | Reached skill level 1 in Axes
  5534 | D:7      | Reached skill level 5 in Dodging
  5546 | D:7      | Reached XP level 9. HP: 51/69 MP: 9/9
  5561 | D:7      | Reached skill level 5 in Evocations
  5567 | D:7      | Reached skill level 6 in Fighting
  5637 | D:7      | Found a staircase to the Ecumenical Temple.
  5646 | Temple   | Entered the Ecumenical Temple
  5829 | Temple   | Became a worshipper of Gozag Ym Sagoz the Greedy
  6193 | D:8      | Noticed a centaur warrior
  6250 | D:8      | Killed a centaur warrior
  6251 | D:8      | Reached skill level 5 in Throwing
  6251 | D:8      | Reached skill level 5 in Armour
  6729 | D:8      | Gained mutation: A meltable icy envelope protects you from
                  | harm. (AC +4) [demonic ancestry]
  6729 | D:8      | Reached XP level 10. HP: 65/77 MP: 10/10
  6826 | D:8      | You fall into a shaft and drop 1 floor!
  6957 | D:8      | Found Veujat's Distillery.
  6957 | D:8      | Noticed an eight-headed hydra
  7039 | D:8      | Killed an eight-headed hydra
  7040 | D:8      | Reached skill level 7 in Fighting
  7052 | D:8      | Bought a potion of heal wounds for 55 gold pieces
  7052 | D:8      | Bought a potion of flight for 33 gold pieces
  7052 | D:8      | Bought a potion of lignification for 33 gold pieces
  7516 | D:9      | Found a staircase to the Orcish Mines.
  7851 | D:9      | Found Anel's Magic Scroll Shoppe.
  7858 | D:9      | Bought a scroll of teleportation for 48 gold pieces
  7858 | D:9      | Bought a scroll of identify for 32 gold pieces
  7858 | D:9      | Bought a scroll of fear for 64 gold pieces
  7897 | D:9      | Found a staircase to the Lair.
  8287 | D:10     | Entered Level 10 of the Dungeon
  8383 | D:10     | Noticed a two-headed ogre
  8781 | D:10     | Killed a two-headed ogre
  8782 | D:10     | Reached skill level 5 in Axes
  8782 | D:10     | Reached XP level 11. HP: 85/85 MP: 11/11
  9174 | D:10     | Identified the +11 dagger "Xeimiv" {venom, +Blink rC++}
  9311 | D:10     | Found a sacrificial altar of Ru.
  9761 | Lair:1   | Entered Level 1 of the Lair of Beasts
  9834 | Lair:1   | Noticed Nergalle
  9858 | Lair:1   | Found a frozen archway.
  9865 | IceCv    | Entered an ice cave
  9880 | IceCv    | Reached skill level 8 in Fighting
  9926 | IceCv    | Noticed a death yak
  9934 | IceCv    | Noticed a death yak
  9946 | IceCv    | Killed a death yak
  9956 | IceCv    | Killed a death yak
 10083 | IceCv    | Noticed a death yak
 10087 | IceCv    | Noticed a death yak
 10092 | IceCv    | Noticed a death yak
 10110 | IceCv    | Killed a death yak
 10146 | IceCv    | Killed a death yak
 10177 | IceCv    | Killed a death yak
 10535 | IceCv    | Noticed a death yak
 10568 | IceCv    | Killed a death yak
 10697 | IceCv    | Noticed a death yak
 10722 | IceCv    | Killed a death yak
 10723 | IceCv    | Reached XP level 12. HP: 60/94 MP: 12/12
 10763 | IceCv    | Noticed a death yak
 10765 | IceCv    | Noticed a death yak
 10787 | IceCv    | Killed a death yak
 10826 | IceCv    | Killed a death yak
 10861 | IceCv    | Noticed a death yak
 10911 | IceCv    | Killed a death yak
 10912 | IceCv    | Reached skill level 9 in Fighting
 10998 | IceCv    | Noticed a death yak
 11086 | IceCv    | Killed a death yak
 11137 | IceCv    | Noticed a frost giant
 11155 | IceCv    | HP: 5/142 [frost giant/+1 battleaxe of freezing (19)]
 11155 | IceCv    | Slain by a wolf

Illustrated notes

Levels and vault maps discovered:
D:1:      lightli_arrival_statuegarden, layout_basic
D:2:      layout_basic, chequers_serial_rivers_small_a, uniq_sigmund
D:3:      layout_basic, ebering_ecumenical_altar_abandoned, uniq_grinder,
          uniq_ijyb
D:4:      layout_rooms, mainiacjoe_overflow_chevrons,
          gammafunk_ghost_abyssal_escape, uniq_crazy_yiuf_cottage
D:5:      layout_basic, mainiacjoe_overflow_catwalk, trog_butcher_becter,
          ebering_ghost_reflecting_pool, hangedman_minor_gate_pass
D:6:      layout_loops_ring, old_standard_altar, kennysheep_crisscross
D:7:      layout_basic, minmay_temple_entry_mist
D:8:      layout_loops_corners, serial_shops, kennysheep_little_box,
          nicolae_figureground_sparkle
D:9:      layout_basic, lair_entry_dummy, zombieorc2_lemuel, serial_shops, shop
D:10:     layout_basic, nicolae_ru_the_path_less_chosen, serial_bayou_pond_c,
          minmay_misc_feat_hallway
Temple:   bh_familiar_temple
Lair:1:   layout_gridlike, gammafunk_ghost_grave,
          portal_ice_cave_entry_pillars_1, beast_lair_carwin_1,
          serial_bayou_shore_a, uniq_nergalle
IceCv:    ice_cave_small_giant

Skill      XL: |  1  2  3  4  5  6  7  8  9 10 11 12 |
---------------+-------------------------------------+-----
Dodging        | 2 3 4 5 6 7 8 |  8.2
Throwing       | 1 2 3 4 5 6 7 |  7.8
Armour         | 1 2 3 4 5 6 7 |  7.8
Evocations     | 2 3 4 6 7 8 |  8.6
Fighting       | 4 5 6 7 8 9 |  9.1
Axes           | 2 3 5 6 |  6.7
Polearms       | |  1.7
Stealth        | |  4.5

Action                   |  1- 3 |  4- 6 |  7- 9 | 10-12 || total
-------------------------+-------+-------+-------+-------++-------
Melee: Spear             |     4 |       |       |       ||     4
       Dagger            |    17 |   147 |       |       ||   164
       Unarmed           |    12 |       |       |       ||    12
       Quarterstaff      |       |     3 |    72 |       ||    75
       Punch             |       |     2 |     6 |    19 ||    27
       War axe           |       |       |   402 |   619 ||  1021
       Broad axe         |       |       |       |   169 ||   169
Throw: Dart              |     6 |     8 |       |    38 ||    52
       Boomerang         |       |       |       |    15 ||    15
       Javelin           |       |       |       |     4 ||     4
Evoke: Wand              |     2 |     4 |       |    14 ||    20
  Use: Potion            |     2 |       |       |     6 ||     8
       Scroll            |       |       |     1 |    17 ||    18
 Stab: Sleeping          |     2 |    12 |     6 |     1 ||    21
       Distracted        |       |       |     1 |     5 ||     6
Armor: Leather armour    |     6 |       |       |       ||     6
       Ring mail         |       |    49 |   215 |   509 ||   773
       Skin              |       |    10 |       |       ||    10
Dodge: Dodged            |    41 |   103 |   357 |   758 ||  1259
Block: Other             |       |    23 |    82 |   170 ||   275

Table legend: (Time is in decaauts)
 A = Elapsed time spent in this place.
 B = Non-inter-level travel time spent in this place.
 C = Inter-level travel time spent in this place.
 D = Time resting spent in this place.
 E = Time spent auto-exploring this place.
 F = Levels seen in this place.
 G = Mean time per level.
                   A        B        C        D        E       F      G
               +--------+--------+--------+--------+--------+-----+--------+
         Total |  11472 |  10977 |    495 |    812 |   6701 |  13 |  882.5 |
       Dungeon |   9813 |   9374 |    439 |    807 |   5836 |  10 |  981.3 |
        Temple |    212 |    156 |     56 |      0 |    148 |   1 |  212.0 |
          Lair |    109 |    109 |      0 |      0 |      0 |   1 |  109.0 |
      Ice Cave |   1336 |   1336 |      0 |      5 |    717 |   1 | 1336.0 |
               +--------+--------+--------+--------+--------+-----+--------+

Top non-repeatable levels by time:
    D:10: 1490 daAuts
   IceCv: 1336 daAuts
     D:8: 1303 daAuts
     D:3: 1206 daAuts
     D:9: 1031 daAuts
     D:5: 996 daAuts
     D:2: 942 daAuts
     D:7: 928 daAuts
     D:6: 764 daAuts
     D:4: 594 daAuts
     D:1: 555 daAuts
  Temple: 212 daAuts
  Lair:1: 109 daAuts
